 Dungeon Crawl Stone Soup version 0.23-a0-391-g8c51ad5 (webtiles) character file.

221 namelastname112 the Chopper (level 5, -3/45 HPs)
             Began as a Draconian Gladiator on Oct 30, 2018.
             Slain by Duvessa
             ... wielding a +0 short sword
              (4 damage)
             ... on level 5 of the Dungeon.
             The game lasted 00:04:59 (2925 turns).

namelastname112 the Chopper (Draconian Gladiator)   Turns: 2925, Time: 00:04:59

Health: -3/45      AC:  5    Str: 17    XL:     5   Next: 65%
Magic:  5/5        EV: 13    Int: 14    God:
Gold:   165        SH:  0    Dex: 13    Spells: 4/4 levels left

rFire    . . .     SeeInvis .   a - +0 war axe
rCold    . . .     Gourm    +   (no shield)
rNeg     . . .     Faith    .   (armour unavailable)
rPois    .         Spirit   .   b - +0 hat
rElec    .         Reflect  .   (no cloak)
rCorr    .         Harm     .   (no gloves)
MR       .....                  (no boots)
Stlth    +.........             o - amulet of the gourmand
HPRegen  0.15/turn              g - +6 ring of intelligence
MPRegen  0.09/turn              (no ring)

@: about to teleport
A: unfitting armour, cold-blooded, AC +5
a: no special abilities


You were on level 5 of the Dungeon.
You were full.

You visited 1 branch of the dungeon, and saw 5 of its levels.

You collected 165 gold pieces.

Inventory:

Hand Weapons
 a - a +0 war axe (weapon)
Missiles
 c - 3 throwing nets (quivered)
Armour
 b - a +0 hat (worn)
Jewellery
 g - a +6 ring of intelligence (left hand)
 n - an uncursed ring of ice
 o - an amulet of the gourmand (around neck)
 r - a +4 ring of protection {unknown}
Scrolls
 e - a scroll of identify {unknown}
 f - 2 scrolls of magic mapping {unknown}
 i - 2 scrolls of teleportation
 k - 4 scrolls of remove curse
 l - a scroll of amnesia {unknown}
 m - 3 scrolls of enchant weapon {unknown}
 s - a scroll of fog {unknown}
Potions
 h - a potion of curing {unknown}
 j - a potion of might {unknown}
 p - a potion of mutation {unknown}
 q - a potion of heal wounds {unknown}
Comestibles
 d - 3 rations


   Skills:
 + Level 3.5 Fighting
 * Level 4.6 Axes
 + Level 2.7 Throwing
 + Level 3.5 Dodging


You had 4 spell levels left.
You didn't know any spells.
Your spell library was empty.

Dungeon Overview and Level Annotations

Branches:
Dungeon (5/15)
 Temple: D:4-7

Altars:
Fedhas
Nemelex Xobeh

Annotations:
D:5 Dowan, Duvessa


Innate Abilities, Weirdness & Mutations

Your plain brown scales are hard. (AC +5)
You cannot fit into any form of body armour.
You are cold-blooded and may be slowed by cold attacks.


Message History

The ball python constricts you.
You take 1 damage, and have 13/45 hp.
You escape the ball python's grasp.
Your surroundings seem slightly different.
Duvessa, Sister of Dowan comes into view.
She is wielding a +0 short sword.
Dowan, Brother of Duvessa comes into view.
He is wielding a +0 dagger.
Dowan shouts!
Duvessa hits you with a +0 short sword.
* * * LOW HITPOINT WARNING * * *
Dowan barely misses you.
You take 2 damage, and have 12/45 hp.
As you read the scroll of teleportation, it crumbles to dust.
You feel strangely unstable. Duvessa misses you.
Dowan gestures at you while chanting. The puff of flame hits you!
* * * LOW HITPOINT WARNING * * *
You take 11 damage, and have 1/45 hp.
MASSIVE DAMAGE!!
The ball python barely misses you. The ball python completely misses you.
Duvessa hits you with a +0 short sword.
You die...

.### ##
.#≈####+####≈# .#≈
§≈≈.§≈≈≈≈#
#..####..#...#
#..#.....#...##
#.............#
###........o.S..##
#............#@..#
##.......o...#e..#
#...........#e..#
#...........##...#
#....o......##...#
##.........###....
#.........# ##....
#.........# ...##
#........## ...#


You could see Duvessa, Dowan, an orc and a ball python.

Vanquished Creatures
  An orc wizard (D:3)
  A hound (D:4)
  A hound skeleton (D:4)
  3 gnolls (D:2)
  5 adders
  2 worms
  A dart slug (D:2)
  4 leopard geckos (D:3)
  5 orcs
  A giant cockroach (D:3)
  11 goblins
  6 hobgoblins
  2 jackals (D:1)
  7 kobolds
  A quokka (D:3)
  A ball python (D:3)
  6 bats
  3 frilled lizards (D:2)
  5 rats
66 creatures vanquished.

Notes
Turn   | Place    | Note
-------+----------+-------------------------------------------
     0 | D:1      | namelastname112 the Draconian Gladiator began the quest for
                  | the Orb.
     0 | D:1      | Reached XP level 1. HP: 17/17 MP: 1/1
    85 | D:1      | Reached XP level 2. HP: 21/25 MP: 2/2
   819 | D:2      | Reached XP level 3. HP: 30/30 MP: 3/3
  1135 | D:2      | Reached XP level 4. HP: 30/37 MP: 4/4
  1253 | D:2      | Reached skill level 4 in Axes
  2420 | D:3      | Reached XP level 5. HP: 20/45 MP: 5/5
  2654 | D:3      | Found a sparkling altar of Nemelex Xobeh.
  2812 | D:4      | Found a blossoming altar of Fedhas.
  2896 | D:5      | Entered Level 5 of the Dungeon
  2920 | D:5      | Noticed Duvessa
  2921 | D:5      | Noticed Dowan
  2924 | D:5      | HP: 1/45 [Dowan/puff of flame (11)]
  2925 | D:5      | Slain by Duvessa

Vault maps used:
D:1:      psy_arrival_radial02, chequers_mini_garden
D:2:      first_ration
D:3:      wad_lake_hut, lemuel_round_altar, corner_web_ring, dk_noncrumbling_4
D:4:      kennysheep_little_box
D:5:      lightli_temple_of_fire, uniq_blork_the_orc, uniq_duvessa

Skill      XL: |  1  2  3  4 |
---------------+-------------+-----
Throwing       | 2 |  2.7
Dodging        | 3 |  3.5
Axes           | 4 |  4.6
Fighting       | 3 |  3.5

Action                   |  1- 3 |  4- 6 || total
-------------------------+-------+-------++-------
Melee: War axe           |    65 |   133 ||   198
       Tailslap          |     7 |    12 ||    19
  Use: Scroll            |     2 |     2 ||     4
       Potion            |       |     1 ||     1
 Stab: Sleeping          |       |     1 ||     1
  Eat: Chunk             |     1 |    12 ||    13
Armor: Skin              |    21 |    41 ||    62
Dodge: Dodged            |    56 |   143 ||   199

Table legend:
 A = Non-vault XP
 B = Vault XP
 C = Vault XP percentage of total XP
 D = Non-vault monster count
 E = Vault monster count
 F = Vault count percentage of total count
                 A         B        C        D         E       F
            +---------+---------+-------+---------+---------+-------
      Total |     316 |       0 |   0.0 |      66 |       0 |   0.0
            +---------+---------+-------+---------+---------+-------
        D:1 |      29 |       0 |   0.0 |      20 |       0 |   0.0
        D:2 |      91 |       0 |   0.0 |      15 |       0 |   0.0
        D:3 |     122 |       0 |   0.0 |      27 |       0 |   0.0
        D:4 |      74 |       0 |   0.0 |       4 |       0 |   0.0
            +---------+---------+-------+---------+---------+-------
